 Dungeon Crawl Stone Soup version 0.30.1-4-g462c640d31 (webtiles) character file.

Game seed: 15821354668633249149

6386 HagarQim the Prestidigitator (level 10, -2/76 HPs)
             Began as a Gnoll Wanderer on Aug 29, 2023.
             Was an Initiate of Gozag.
             Succumbed to their own poison gas
             ... on level 10 of the Dungeon.
             The game lasted 01:03:03 (13024 turns).

HagarQim the Prestidigitator (Gnoll Wanderer)      Turns: 13024, Time: 01:03:04

Health: -2/76      AC:  8    Str: 17    XL:     10   Next: 97%
Magic:  38/38      EV: 16    Int: 20    God:    Gozag
Gold:   529        SH:  8    Dex: 15    Spells: 17/22 levels left

rFire   + . .        C - +4 rapier "Syroexu" {freeze, rF+ rC+ Str+2 Int+5}
rCold   + . .        x - +3 warlock's mirror {omnireflect}
rNeg    + . .        W - +0 robe of Baorgh {Str+2 Int+2}
rPois   .            y - +0 helmet
rElec   .            H - +0 cloak
rCorr   +            G - +0 pair of gloves {Stlth+}
SInv    .            w - +1 pair of boots
Will    +....        O - amulet of Deuxtar {Acrobat Drain MP+9 Dex+2}
Stlth   ++++         R - ring "Palop" {rN+ rCorr MP+9}
HPRegen 0.32/turn    c - ring of willpower
MPRegen 0.26/turn

%: reflection, acrobat
@: lethally poisoned (-2 -> -23), gold aura, hasted, very quick
A: fangs 1, strong nose, distributed training
a: Renounce Religion, Potion Petition, Call Merchant, Bribe Branch


You were on level 10 of the Dungeon.
You worshipped Gozag.
Gozag was pleased with you.
You visited 2 branches of the dungeon, and saw 11 of its levels.
You also visited: Bailey.

You collected 1544 gold pieces.
You spent 954 gold pieces at shops.
You paid 61 gold pieces to Gozag.

Inventory:

Hand Weapons
 b - a +2 vampiric hand axe
 B - a +3 dagger
 C - the +4 rapier "Syroexu" (weapon) {freeze, rF+ rC+ Str+2 Int+5}
   (You bought it in a shop on level 4 of the Dungeon)

   Str:       It affects your strength (+2).
   Int:       It affects your intelligence (+5).
   rF:        It protects you from fire.
   rC:        It protects you from cold.
 F - a +2 dagger of venom
Missiles
 E - 23 poisoned darts
 K - 4 atropa-tipped darts
Armour
 d - a +0 robe
 m - an orb of energy
 w - a +1 pair of boots (worn)
 x - the +3 warlock's mirror (worn) {omnireflect}
   (You acquired it in a bailey)

   Omnireflect: It can block and reflect piercing ranged attacks and magical
   attacks against the wielder's willpower.
 y - a +0 helmet (worn)
 G - a +0 pair of gloves of stealth (worn)
 H - a +0 cloak (worn)
 W - the +0 robe of Baorgh (worn) {Str+2 Int+2}
   (You bought it in a shop on level 9 of the Dungeon)

   Str:       It affects your strength (+2).
   Int:       It affects your intelligence (+2).
Jewellery
 c - a ring of willpower (right hand)
 D - a ring of protection from cold
 J - an amulet of the acrobat
 O - the amulet of Deuxtar (around neck) {Acrobat Drain MP+9 Dex+2}
   (You found it on level 7 of the Dungeon)

   [amulet of the acrobat]

   It increases your evasion while moving and waiting.
   Dex:       It affects your dexterity (+2).
   MP:        It affects your magic capacity (+9).
   Drain:     It drains your maximum health when unequipped.
 R - the ring "Palop" (left hand) {rN+ rCorr MP+9}
   (You bought it in a shop on level 4 of the Dungeon)

   [ring of magical power]

   rN:        It protects you from negative energy.
   MP:        It affects your magic capacity (+9).
   rCorr:     It protects you from acid and corrosion.
 S - an amulet of guardian spirit
Wands
 e - a wand of roots (7)
 i - a wand of paralysis (4)
 A - a wand of flame (2)
 L - a wand of digging (3)
Scrolls
 f - 2 scrolls of noise
 h - 3 scrolls of teleportation
 j - a scroll of magic mapping
 l - 3 scrolls of enchant weapon
 r - a scroll of amnesia
 s - 2 scrolls of silence
 t - a scroll of butterflies
 u - 3 scrolls of vulnerability
 v - 2 scrolls of poison
 I - a scroll of blinking
 Q - a scroll of fog
 T - a scroll of immolation
 U - a scroll of enchant armour {unknown}
Potions
 a - a potion of brilliance
 k - 5 potions of curing
 n - a potion of berserk rage
 o - 3 potions of attraction
 p - 7 potions of flight
 q - a potion of lignification
 z - a potion of resistance
 N - a potion of degeneration {unknown}
 V - 2 potions of cancellation {unknown}


   Skills:
 + Level 6.0 Fighting
 + Level 6.0 Short Blades
 + Level 6.0 Long Blades
 + Level 6.0 Axes
 + Level 6.0 Maces & Flails
 + Level 6.0 Polearms
 + Level 6.0 Staves
 + Level 6.0 Ranged Weapons
 + Level 6.6 Throwing
 + Level 6.0 Armour
 + Level 9.0 Dodging
 + Level 6.0 Stealth
 + Level 6.0 Shields
 + Level 6.0 Unarmed Combat
 + Level 6.7 Spellcasting
 + Level 4.9 Conjurations
 + Level 4.9 Hexes
 + Level 4.9 Summonings
 + Level 4.9 Necromancy
 + Level 4.9 Translocations
 + Level 4.9 Transmutations
 + Level 6.3 Fire Magic
 + Level 4.9 Ice Magic
 + Level 4.9 Air Magic
 + Level 4.9 Earth Magic
 + Level 4.9 Poison Magic
 + Level 6.5 Invocations
 + Level 9.0 Evocations


You had 17 spell levels left.
You knew the following spells:

 Your Spells              Type           Power      Damage    Failure   Level
a - Foxfire               Conj/Fire      100%       2x1d9     1%          1
b - Sandblast             Erth           52%        2d12      1%          1
c - Stone Arrow           Conj/Erth      52%        3d10      4%          3

Your spell library contained the following spells:

 Spells                   Type           Power      Damage    Failure   Level
 Magic Dart               Conj           100%       1d8       1%          1
 Shock                    Conj/Air       100%       1d9       1%          1
 Passwall                 Tmut/Erth      21%        N/A       2%          2
 Searing Ray              Conj           52%        2d6       2%          2
 Inner Flame              Hex/Fire       29%        N/A       3%          3
 Swiftness                Air            26%        N/A       4%          3
 Airstrike                Air            13%        2d(2-18)  16%         4
 Fulminant Prism          Conj/Hex       13%        3d8       16%         4


Dungeon Overview and Level Annotations

Branches:
Dungeon (10/15)            Temple (1/1) D:4          Bailey (visited)
   Lair: D:8-11         Orc: D:9-12

Altars:
Gozag
Hepliaklqana
Kikubaaqudgha
Makhleb
Nemelex Xobeh
Qazlal
Ru
Trog
Uskayaw
Wu Jian
Zin
The Shining One

Shops:
D:4 *[***!   D:5 =?![   D:7 *   D:8 :   D:9 [


Innate Abilities, Weirdness & Mutations

You have very sharp teeth.
Your uncanny sense of smell can sniff out nearby items.
Your experience applies equally to all skills.


Message History

Your Armour skill increases to level 6!
Your Stealth skill increases to level 6!
Your Shields skill increases to level 6!
Your Unarmed Combat skill increases to level 6!
Really read the scroll of poison?
Okay, then.
Really read the scroll of poison?
The air fills with toxic fumes!
As you read the scroll of poison, it crumbles to dust.
You block the yak's attack. The yak completely misses you.
You feel yourself speed up. The yak gores you but does no damage.
The yak is distracted by your dazzling golden aura.
The yak bellows!
You hit the yak. You freeze the yak.
The yak is lightly wounded.
You hit the yak. You freeze the yak.
The yak is lightly wounded.
The yak is no longer distracted by gold.
You block the yak's attack. The yak gores you.
* * * LOW HITPOINT WARNING * * *
You puncture the yak! You freeze the yak. Your bite misses the yak.
The yak is heavily wounded.
You closely miss the yak. You bite the yak, but do no damage.
The yak is heavily wounded.
The yak gores you.
* * * LOW HITPOINT WARNING * * *
The yak misses you.
You hit the yak. You freeze the yak. You bite the yak.
The yak is heavily wounded.
You block the yak's attack. The yak gores you!
* * * LOW HITPOINT WARNING * * *
Blink to where?
Press: ? - help, Dir - move target Really blink into that cloud of poison gas?
As you read the scroll of blinking, it crumbles to dust.
You are engulfed in poison gas.
You are lethally poisoned!
* * * LOW HITPOINT WARNING * * *
You die...
Your body crumbles into a pile of gold.

$ #.#
#.# ##.#
#... ..#
#.#
#§######
#§@§§Y§#
######Y#
§Y§.
##☼##.#
#§# ?.
#§# ##
#§# #§#


You could see 2 yaks.

Vanquished Creatures
  An orc knight (Bailey)
  Maggie (D:10)
  2 hornets
  Grinder (D:4)
  5 yaks
  2 wyverns (D:7)
  Eustachio (D:4)
  Menkaure (D:7)
  A water moccasin (D:6)
  An acid dragon (D:9)
  6 orc warriors
  4 ice beasts
  2 black bears
  An ogre (D:5)
  2 centaurs (D:9)
  3 kobold brigands
  A gnoll sergeant (D:7)
  3 bullfrogs (D:9)
  2 scorpions
  14 wights
  2 howler monkeys (D:5)
  A crimson imp (D:5)
  4 jellies
  8 hounds
  A sleepcap (D:7)
  2 iguanas (D:5)
  3 iron imps (D:3)
  3 orc wizards
  Robin (D:4)
  8 gnolls
  9 adders
  4 white imps
  3 ufetubi
  2 worms (D:3)
  14 orcs
  4 endoplasms
  3 giant cockroaches
  21 goblins
  12 hobgoblins
  4 jackals
  5 quokkas
  9 ball pythons
  7 bats
  13 frilled lizards
  39 kobolds
  2 rats (D:3)
238 creatures vanquished.

Vanquished Creatures (others)
  719 foxfires
719 creatures vanquished.

Grand Total: 957 creatures vanquished

Notes
Turn   | Place    | Note
-------+----------+-------------------------------------------
     0 | D:1      | HagarQim the Gnoll Wanderer began the quest for the Orb.
     0 | D:1      | HagarQim set off with the following items: a +0 dagger, a
                  | +0 pair of boots, a potion of haste, a +0 robe, a wand of
                  | roots (3); and the following spell memorised: Foxfire; and
                  | the following spells available to memorise: Inner Flame.
     0 | D:1      | Reached XP level 1. HP: 13/13 MP: 4/4
   215 | D:1      | Reached XP level 2. HP: 15/19 MP: 2/5
  1141 | D:2      | Reached XP level 3. HP: 19/25 MP: 0/7
  1246 | D:2      | Reached skill level 1 in Invocations
  1497 | D:2      | Reached skill level 1 in Fighting
  1497 | D:2      | Reached skill level 1 in Short Blades
  1497 | D:2      | Reached skill level 1 in Long Blades
  1497 | D:2      | Reached skill level 1 in Axes
  1497 | D:2      | Reached skill level 1 in Maces & Flails
  1497 | D:2      | Reached skill level 1 in Polearms
  1497 | D:2      | Reached skill level 1 in Staves
  1497 | D:2      | Reached skill level 1 in Ranged Weapons
  1497 | D:2      | Reached skill level 1 in Armour
  1497 | D:2      | Reached skill level 1 in Stealth
  1497 | D:2      | Reached skill level 1 in Shields
  1497 | D:2      | Reached skill level 1 in Unarmed Combat
  1560 | D:2      | Reached XP level 4. HP: 32/32 MP: 4/8
  1928 | D:2      | Reached skill level 1 in Conjurations
  1928 | D:2      | Reached skill level 1 in Hexes
  1928 | D:2      | Reached skill level 1 in Summonings
  1928 | D:2      | Reached skill level 1 in Necromancy
  1928 | D:2      | Reached skill level 1 in Translocations
  1928 | D:2      | Reached skill level 1 in Transmutations
  1928 | D:2      | Reached skill level 1 in Ice Magic
  1928 | D:2      | Reached skill level 1 in Air Magic
  1928 | D:2      | Reached skill level 1 in Earth Magic
  1928 | D:2      | Reached skill level 1 in Poison Magic
  2335 | D:3      | Identified the +0 leather armour "Koamie" {Dex+2 Stlth+}
  2519 | D:3      | Found a burning altar of Makhleb.
  2554 | D:3      | Found an ancient bone altar of Kikubaaqudgha.
  2619 | D:3      | Found a hide-covered altar of Uskayaw.
  2623 | D:3      | Found an ornate altar of the Wu Jian Council.
  2627 | D:3      | Found a glowing silver altar of Zin.
  2774 | D:3      | Reached XP level 5. HP: 37/37 MP: 5/9
  3256 | D:4      | Found Motur's Distillery.
  3284 | D:4      | Found an opulent altar of Gozag.
  3302 | D:4      | Found Gozag's Platinum Reserve.
  3317 | D:4      | Became a worshipper of Gozag Ym Sagoz the Greedy
  3335 | D:4      | Noticed Robin
  3349 | D:4      | Reached XP level 6. HP: 43/44 MP: 9/11
  3367 | D:4      | Killed Robin
  3628 | D:4      | Found Moehor's Assorted Antiques.
  3637 | D:4      | Bought a faintly glowing rapier for 234 gold pieces
  3637 | D:4      | Identified the +4 rapier "Syroexu" {freeze, rF+ rC+ Str+2
                  | Int+5} (You bought it in a shop on level 4 of the Dungeon)
  3642 | D:4      | Noticed Grinder
  3668 | D:4      | Paralysed by Grinder for 5 turns
  3674 | D:4      | Killed Grinder
  3675 | D:4      | Reached XP level 7. HP: 18/51 MP: 0/12
  3870 | D:4      | Found a staircase to the Ecumenical Temple.
  3924 | D:4      | Found a bloodstained altar of Trog.
  4205 | D:4      | Found Nakk's Armour Shop.
  4233 | D:4      | Found Ohuaru's Assorted Antiques.
  4237 | D:4      | Noticed Eustachio
  4307 | D:4      | Killed Eustachio
  4519 | D:4      | Found Qystremoi's Assorted Antiques.
  4834 | Temple   | Entered the Ecumenical Temple
  4851 | D:5      | Entered Level 5 of the Dungeon
  5062 | D:5      | Reached XP level 8. HP: 58/58 MP: 8/14
  5323 | D:5      | Learned a level 1 spell: Sandblast
  5329 | D:5      | Found Derr's Antique Armour Shop.
  5339 | D:5      | Bought a shimmering robe for 102 gold pieces
  5339 | D:5      | Identified the +1 robe of Defiance {Harm} (You bought it in
                  | a shop on level 5 of the Dungeon)
  5339 | D:5      | Bought a shimmering robe for 102 gold pieces
  5339 | D:5      | Identified the +1 robe of Ydocw {Str+2} (You bought it in a
                  | shop on level 5 of the Dungeon)
  5448 | D:5      | Found Qaqasof's Distillery.
  5564 | D:5      | Found Reanub's Jewellery Shoppe.
  5654 | D:5      | Found Xufoofye's Magic Scroll Boutique.
  5657 | D:5      | Bought a scroll of identify for 22 gold pieces
  5657 | D:5      | Bought a scroll of identify for 22 gold pieces
  5657 | D:5      | Bought a scroll of identify for 22 gold pieces
  6051 | D:6      | Reached skill level 5 in Fire Magic
  6299 | D:6      | Reached XP level 9. HP: 57/65 MP: 12/16
  6333 | D:6      | Reached skill level 5 in Spellcasting
  6701 | D:7      | Found a flagged portal.
  6716 | Bailey   | Entered a bailey
  6723 | Bailey   | Noticed an orc knight
  6792 | Bailey   | Reached skill level 5 in Throwing
  7006 | Bailey   | HP: 3/65 [orc warrior/+0 broad axe (2)]
  7404 | Bailey   | Identified a scroll of acquirement
  7404 | Bailey   | Acquired the +3 warlock's mirror {omnireflect}
  7404 | Bailey   | Found the +3 warlock's mirror {omnireflect}
  7448 | Bailey   | Killed an orc knight
  7449 | Bailey   | Reached skill level 5 in Invocations
  7930 | D:7      | Found Zikolien's Overcharged Wands.
  8070 | D:7      | Identified the amulet of Deuxtar {Acrobat Drain MP+9 Dex+2}
  8138 | D:7      | Noticed Menkaure
  8144 | D:7      | Killed Menkaure
  8336 | D:7      | Found a stormy altar of Qazlal.
  8384 | D:7      | Reached skill level 5 in Fighting
  8384 | D:7      | Reached skill level 5 in Short Blades
  8384 | D:7      | Reached skill level 5 in Long Blades
  8384 | D:7      | Reached skill level 5 in Axes
  8384 | D:7      | Reached skill level 5 in Maces & Flails
  8384 | D:7      | Reached skill level 5 in Polearms
  8384 | D:7      | Reached skill level 5 in Staves
  8384 | D:7      | Reached skill level 5 in Ranged Weapons
  8384 | D:7      | Reached skill level 5 in Armour
  8384 | D:7      | Reached skill level 5 in Stealth
  8384 | D:7      | Reached skill level 5 in Shields
  8384 | D:7      | Reached skill level 5 in Unarmed Combat
  8384 | D:7      | Reached XP level 10. HP: 52/74 MP: 18/18
 10035 | D:8      | Found a glowing golden altar of the Shining One.
 10295 | D:8      | Learned a level 3 spell: Stone Arrow
 10494 | D:8      | Found Suptox's Book Boutique.
 10991 | D:4      | Bought an ancient steel ring for 125 gold pieces
 10991 | D:4      | Identified the ring "Palop" {rN+ rCorr MP+9} (You bought it
                  | in a shop on level 4 of the Dungeon)
 11848 | D:9      | Found Tasupom's Antique Armour Boutique.
 11857 | D:9      | Bought a distressingly furry robe for 176 gold pieces
 11857 | D:9      | Identified the +0 robe of Baorgh {Str+2 Int+2} (You bought
                  | it in a shop on level 9 of the Dungeon)
 11995 | D:4      | Bought a +0 pair of gloves of stealth for 149 gold pieces
 12144 | D:9      | Found a hazy altar of Hepliaklqana.
 12966 | D:10     | Entered Level 10 of the Dungeon
 12971 | D:10     | Noticed Maggie
 12990 | D:10     | Killed Maggie
 13024 | D:10     | HP: 2/76 [cloud of poison gas (2)]
 13024 | D:10     | Succumbed to their own poison gas

Illustrated notes

Levels and vault maps discovered:
D:1:      saegor_arrival_simple_c, layout_loops_ring, minmay_pentomino_u4
D:2:      cheibrodos_greedy_goblins, layout_basic, minmay_lizard_pond
D:3:      layout_basic, demons_altar, overflow_temple_1_default,
          minmay_overflow_temple_star_quad, kennysheep_generic_room_11
D:4:      layout_cave_pods, trog_butcher_becter,
          nicolae_gozag_zags_fifth_avenue, minmay_temple_entry_drinking_statues,
          serial_shops, nicolae_shop_tiny_real_fake_doors,
          nicolae_shop_rolling_square, nicolae_shop_competitors_out_of_business,
          kennysheep_little_box, shop, uniq_robin, uniq_grinder, uniq_eustachio
D:5:      layout_basic, serial_shops, shop, kennysheep_mini, shop, shop,
          minmay_fire_ice_demons
D:6:      layout_rooms
D:7:      layout_layer_cave, grunt_qazlal_sundering, enter_bailey_2,
          nicolae_shop_overcharged_wands, uniq_menkaure
D:8:      layout_basic, mainiacjoe_overflow_chevrons, serial_shops,
          nicolae_shop_waterfront
D:9:      layout_loops_ring, nzn_hepliaklqana_mist_gate, serial_shops, shop,
          evilmike_minifort
D:10:     layout_loops_ring, due_lair_maze_entry_diamond, serial_shops, shop,
          uniq_maggie, uniq_psyche
Temple:   hc_temple_tempest_star

Skill      XL: |  1  2  3  4  5  6  7  8  9 10 |
---------------+-------------------------------+-----
Invocations    | 1 2 3 4 5 6 |  6.5
Fighting       | 1 2 3 5 6 |  6.0
Short Blades   | 1 2 3 5 6 |  6.0
Long Blades    | 1 2 3 5 6 |  6.0
Axes           | 1 2 3 5 6 |  6.0
Maces & Flails | 1 2 3 5 6 |  6.0
Polearms       | 1 2 3 5 6 |  6.0
Staves         | 1 2 3 5 6 |  6.0
Ranged Weapons | 1 2 3 5 6 |  6.0
Armour         | 1 2 3 5 6 |  6.0
Stealth        | 1 2 3 5 6 |  6.0
Shields        | 1 2 3 5 6 |  6.0
Unarmed Combat | 1 2 3 5 6 |  6.0
Spellcasting   | 3 4 5 6 |  6.7
Conjurations   | 1 2 3 4 |  4.9
Hexes          | 1 2 3 4 |  4.9
Summonings     | 1 2 3 4 |  4.9
Necromancy     | 1 2 3 4 |  4.9
Translocations | 1 2 3 4 |  4.9
Transmutations | 1 2 3 4 |  4.9
Ice Magic      | 1 2 3 4 |  4.9
Air Magic      | 1 2 3 4 |  4.9
Earth Magic    | 1 2 3 4 |  4.9
Poison Magic   | 1 2 3 4 |  4.9
Throwing       | 3 4 5 6 |  6.6
Fire Magic     | 4 5 6 |  6.3
Dodging        | 7 8 9 |  9.0
Evocations     | 7 8 9 |  9.0

Action                     |  1- 3 |  4- 6 |  7- 9 | 10-12 || total
---------------------------+-------+-------+-------+-------++-------
  Melee: Dagger            |    68 |    74 |       |       ||   142
         Bite              |    12 |     8 |    18 |    32 ||    70
         Quarterstaff      |       |    27 |       |       ||    27
         Rapier            |       |     2 |   148 |   190 ||   340
         Punch             |       |       |     2 |       ||     2
  Throw: Dart              |       |       |    16 |       ||    16
   Cast: Foxfire           |    37 |    57 |   214 |   124 ||   432
         Sandblast         |       |       |     9 |     1 ||    10
         Stone Arrow       |       |       |       |     5 ||     5
  Evoke: Wand              |       |       |     2 |       ||     2
    Use: Potion            |     1 |     1 |     5 |     4 ||    11
         Scroll            |       |     5 |     7 |     9 ||    21
   Stab: Sleeping          |     1 |     1 |     1 |     3 ||     6
 Armour: Robe              |    20 |    19 |    38 |    33 ||   110
  Dodge: Dodged            |    69 |    50 |   137 |   135 ||   391
  Block: Buckler           |       |       |     9 |   104 ||   113
         Reflection        |       |       |     2 |    11 ||    13
